 Dungeon Crawl Stone Soup version 0.18.1-50-g88ac8fd (webtiles) character file.

55 varam the Ruffian (level 3, -1/36 HPs)
             Began as a Troll Monk on Oct 22, 2016.
             Was a Believer of Trog.
             Slain by an orc (5 damage)
             ... on level 2 of the Dungeon.
             The game lasted 00:02:10 (990 turns).

varam the Ruffian (Troll Monk)                       Turns: 990, Time: 00:02:11

Health: -1/36      AC:  5    Str: 19    XL:     3   Next: 67%
Magic:  2/2        EV: 10    Int:  6    God:    Trog [**....]
Gold:   42         SH:  0    Dex: 13    Spells: 0 memorised, 2 levels left

rFire  . . .     SeeInvis .       - Unarmed
rCold  . . .     Gourm    +     a - +0 robe
rNeg   . . .     Faith    .     (no shield)
rPois  .         Spirit   .     (helmet restricted)
rElec  .         Dismiss  .     (no cloak)
rCorr  .         Reflect  .     (gloves unavailable)
SustAt .         Harm     .     (boots unavailable)
MR     .....                    (no amulet)
Stlth  +.........               (no ring)
                                (no ring)

@: not resistant to hostile enchantments, very unstealthy
A: unfitting armour, claws 3, fast metabolism 3, gourmand, regeneration 2,
shaggy fur 1, tough skin 2
a: Berserk, Trog's Hand, Burn Spellbooks, Renounce Religion


You were on level 2 of the Dungeon.
You worshipped Trog.
Trog was pleased with you.
You were full.

You visited 1 branch of the dungeon, and saw 3 of its levels.

You collected 42 gold pieces.

Inventory:

Armour
 a - a +0 robe (worn)
Scrolls
 e - 2 scrolls of identify {unknown}
 j - a scroll of teleportation {unknown}
Potions
 c - 2 potions of invisibility {unknown}
 f - a potion of degeneration {unknown}
 i - a potion of brilliance {unknown}
Comestibles
 b - 3 bread rations
 d - 4 fruits
 g - 2 beef jerkies
 h - a meat ration
 k - a slice of pizza


   Skills:
 - Level 2.4 Fighting
 + Level 2.5 Dodging
 - Level 1.1 Stealth
 + Level 5.3 Unarmed Combat


You had 2 spell levels left.
You didn't know any spells.

Dungeon Overview and Level Annotations

Branches:
Dungeon (3/15)

Altars:
Trog


Innate Abilities, Weirdness & Mutations

You are too large for most types of armour.
You have claws for hands.
Your metabolism is lightning-fast.
You like to eat raw meat.
You heal very quickly.
You are covered in fur (AC +1).
You have very tough skin (AC +2).


Message History

The orc wizard hits you but does no damage.
A goblin comes into view. It is wielding a club.
You closely miss the orc priest.
The orc priest looks braver for a moment.
The orc wizard barely misses you.
You barely miss the orc priest.
The orc priest calls down the wrath of Beogh upon you.
Beogh smites you!
A giant cockroach and an orc come into view.
The orc priest calls down the wrath of Beogh upon you.
Beogh smites you!
* * * LOW HITPOINT WARNING * * *
The orc wizard hits you but does no damage.
There is a stone staircase leading up here.
The orc hits you.
* * * LOW HITPOINT WARNING * * *
You climb upwards.
There is a stone staircase leading down here.
You completely miss the orc. The orc hits you.
You die...

#.# #.# ##.### #.#
#.# ### # #.#
########.# #.#
#........# #.#
#.######## #.# #.#
#.# #.#
####.###.####
#.......o@>.#
#.##.#...##.#
#.##.#.####.#
#.##.#.## #.# ###
#.##.#..# #.#
##.##
#####.##.##.# #.#
##...##
#.....##..#.###.#
#.....รท
#.##............#
##...##
#.##..####.####.##
##.##


You could see an orc.

Vanquished Creatures
  An adder (D:2)
  An ooze (D:2)
  A dart slug (D:1)
  A giant gecko (D:2)
  3 giant cockroaches
  7 goblins
  6 hobgoblins
  6 jackals
  A giant newt (D:2)
  2 kobolds
  6 rats
35 creatures vanquished.

Notes
Turn   | Place    | Note
--------------------------------------------------------------
     0 | D:1      | varam the Troll Monk began the quest for the Orb.
     0 | D:1      | Reached XP level 1. HP: 22/22 MP: 0/0
   143 | D:1      | Reached XP level 2. HP: 29/29 MP: 1/1
   338 | D:2      | Reached skill level 5 in Unarmed Combat
   347 | D:2      | Reached XP level 3. HP: 35/36 MP: 2/2
   359 | D:2      | Found a bloodstained altar of Trog.
   611 | D:2      | Became a worshipper of Trog the Wrathful
   611 | D:2      | Reached * piety under Trog
   611 | D:2      | Reached ** piety under Trog
   990 | D:2      | Slain by an orc

Skill      XL: |  1  2 |
---------------+-------+-----
Unarmed Combat | 5 |  5.3
Fighting       | |  2.4
Dodging        | |  2.5
Stealth        | |  1.1

Action                   || total
-------------------------++-------
Melee: Unarmed           ||    86
       Punch             ||     2
  Eat: Chunk             ||    11
Armor: Robe              ||    28
Dodge: Dodged            ||    41
